 Dungeon Crawl Stone Soup version 0.30.1-4-g462c640d31 (webtiles) character file.

Game seed: 3859342315779317817

31 Bobit the Grasshopper (level 3, 0/31 HPs)
             Began as a Gnoll Warper on Aug 14, 2023.
             Was a Follower of Dithmenos.
             Succumbed to an adder's poison
             ... on level 2 of the Dungeon on Aug 15, 2023.
             The game lasted 00:02:54 (909 turns).

Bobit the Grasshopper (Gnoll Warper)                 Turns: 909, Time: 00:02:55

Health: 0/31       AC:  3    Str: 10    XL:     3   Next: 22%
Magic:  9/9        EV: 13    Int: 12    God:    Dithmenos [*.....]
Gold:   95         SH:  0    Dex: 13    Spells: 12/12 levels left

rFire   . . .        a - +0 falchion
rCold   . . .        (no shield)
rNeg    . . .        b - +0 leather armour
rPois   .            (no helmet)
rElec   .            (no cloak)
rCorr   .            (no gloves)
SInv    .            (no boots)
Will    .....        (no amulet)
Stlth   +            (no ring)
HPRegen 0.25/turn    (no ring)
MPRegen 0.11/turn

%: no passive effects
@: lethally poisoned (0 -> -5), wreathed by umbra
A: fangs 1, strong nose, distributed training
a: Renounce Religion


You were on level 2 of the Dungeon.
You worshipped Dithmenos.
Dithmenos was aware of your devotion.
You visited 1 branch of the dungeon, and saw 2 of its levels.

You collected 95 gold pieces.

Inventory:

Hand Weapons
 a - a +0 falchion (weapon)
Missiles
 d - 7 boomerangs of dispersal (quivered)
Armour
 b - a +0 leather armour (worn)
Scrolls
 c - 2 scrolls of blinking
 e - a scroll of enchant armour {unknown}
 f - a scroll of vulnerability {unknown}
 g - 2 scrolls of identify {unknown}
 i - a scroll of teleportation {unknown}
Potions
 h - a potion of magic


   Skills:
 + Level 4.5 Fighting
 + Level 0.7 Short Blades
 + Level 4.5 Long Blades
 + Level 0.7 Axes
 + Level 0.7 Maces & Flails
 + Level 0.7 Polearms
 + Level 0.7 Staves
 + Level 0.7 Ranged Weapons
 + Level 2.6 Throwing
 + Level 2.6 Armour
 + Level 4.5 Dodging
 + Level 0.7 Stealth
 + Level 0.7 Shields
 + Level 0.7 Unarmed Combat
 + Level 5.0 Spellcasting
 + Level 0.5 Conjurations
 + Level 0.5 Hexes
 + Level 0.5 Summonings
 + Level 0.5 Necromancy
 + Level 5.4 Translocations
 + Level 0.5 Transmutations
 + Level 0.5 Fire Magic
 + Level 0.5 Ice Magic
 + Level 0.5 Air Magic
 + Level 0.5 Earth Magic
 + Level 0.5 Poison Magic
 + Level 0.9 Invocations
 + Level 0.7 Evocations


You had 12 spell levels left.
You didn't know any spells.
Your spell library contained the following spells:

 Spells                   Type           Power      Damage    Failure   Level
 Blink                    Tloc           32%        N/A       4%          2
 Lesser Beckoning         Tloc           32%        N/A       4%          2
 Teleport Other           Tloc           16%        N/A       9%          3
 Vhi's Electric Charge    Tloc/Air       20%        N/A       24%         3
 Manifold Assault         Tloc           16%        N/A       28%         4
 Passage of Golubria      Tloc           16%        N/A       28%         4
 Tukima's Dance           Hex            4%         N/A       54%         3
 Yara's Violent Unravell  Hex/Tmut       2%         3d3       99%         5


Dungeon Overview and Level Annotations

Branches:
Dungeon (2/15)

Altars:
Dithmenos

Annotations:
D:2 Sigmund


Innate Abilities, Weirdness & Mutations

You have very sharp teeth.
Your uncanny sense of smell can sniff out nearby items.
Your experience applies equally to all skills.


Message History

You are poisoned.
The adder poisons you! The adder attacks as you move away!
The adder barely misses you.
You feel sick.
You feel sick.
Memorise Blink, consuming 2 spell levels and leaving 10?
You feel sick. The adder closely misses you. The adder bites you.
Your memorisation is interrupted.
Sigmund misses you.
You feel sick. The adder attacks as you move away! The adder misses you.
You feel sick.
You feel sick.
You are no longer poisoned.
Sigmund gestures wildly while chanting.
Sigmund flickers and vanishes!
Deactivating autopickup; reactivate with Ctrl-A.
The adder bites you.
* * * LOW HITPOINT WARNING * * *
The adder attacks as you move away! The adder closely misses you.
The adder barely misses you. The adder attacks as you move away!
The adder completely misses you. The adder barely misses you.
The adder attacks as you move away! The adder bites you.
* * * LOW HITPOINT WARNING * * *
You are poisoned.
The adder poisons you!
You feel sick.
You feel sick.
You feel sick.
You feel sick. The adder closely misses you.
You feel sick.
You are no longer poisoned.
The adder bites you.
* * * LOW HITPOINT WARNING * * *
You are lethally poisoned!
The adder poisons you!
Okay, then.
It was a potion of magic.
Magic courses through your body.
* * * LOW HITPOINT WARNING * * *
You feel sick. The adder misses you.
Unknown command.
The adder attacks as you move away! The adder bites you but does no damage.
You die...

## #..........# .####
#..........# ###### ....###
#..........# #..... ......##
#..........# #..... #####..#
#..........# ##..... ....##.##
##........#######...#.. #.<..#..#
#.....)....##.........# .....#..#
#..........##.........# ._.#....#
#.....@.S..##..#.#.#..#
.....#..###..........#.........##
#.<..#..##.............#.#.#.#.##
....##.###.#........####........#
#####...##.##†.....## #.#.#.#..#
........##.#..###### #........#
....##.......## #.#####..# ..##
#...#.### #.# ##.# . #...#.# ##.#
#..


You could see an adder.

Vanquished Creatures
  4 endoplasms (D:1)
  A giant cockroach (D:1)
  A goblin (D:1)
  3 hobgoblins
  2 jackals (D:1)
  4 ball pythons (D:1)
  11 frilled lizards (D:1)
  4 kobolds
  3 rats
33 creatures vanquished.

Notes
Turn   | Place    | Note
-------+----------+-------------------------------------------
     0 | D:1      | Bobit the Gnoll Warper began the quest for the Orb.
     0 | D:1      | Reached XP level 1. HP: 20/20 MP: 6/6
   185 | D:1      | Reached XP level 2. HP: 20/26 MP: 7/7
   616 | D:1      | Reached skill level 5 in Spellcasting
   616 | D:1      | Reached XP level 3. HP: 28/31 MP: 7/9
   758 | D:2      | Found a faded altar of an unknown god.
   769 | D:2      | Prayed at the altar of an unknown god.
   769 | D:2      | Became a worshipper of Dithmenos the Shadowed
   769 | D:2      | Reached * piety under Dithmenos
   873 | D:2      | Noticed Sigmund
   908 | D:2      | HP: 1/31 [poisoned by an adder]
   909 | D:2      | Succumbed to an adder's poison

Illustrated notes

Levels and vault maps discovered:
D:1:      dpeg_arrival_arbitrary_c, layout_basic, minmay_lizard_king
D:2:      layout_rooms, nicolae_ecumenical_pavilion, glass_columns_b,
          minmay_indecisive_spiral, uniq_sigmund

Skill      XL: |  1  2 |
---------------+-------+-----
Spellcasting   | 5 |  5.0
Fighting       | |  4.5
Short Blades   | |  0.7
Long Blades    | |  4.5
Axes           | |  0.7
Maces & Flails | |  0.7
Polearms       | |  0.7
Staves         | |  0.7
Ranged Weapons | |  0.7
Throwing       | |  2.6
Armour         | |  2.6
Dodging        | |  4.5
Stealth        | |  0.7
Shields        | |  0.7
Unarmed Combat | |  0.7
Conjurations   | |  0.5
Hexes          | |  0.5
Summonings     | |  0.5
Necromancy     | |  0.5
Translocations | |  5.4
Transmutations | |  0.5
Fire Magic     | |  0.5
Ice Magic      | |  0.5
Air Magic      | |  0.5
Earth Magic    | |  0.5
Poison Magic   | |  0.5
Invocations    | |  0.9
Evocations     | |  0.7

Action                     || total
---------------------------++-------
  Melee: Falchion          ||    80
         Bite              ||     3
    Use: Potion            ||     1
   Stab: Distracted        ||     1
 Armour: Leather armour    ||    11
  Dodge: Dodged            ||    52
